 Dungeon Crawl Stone Soup version 0.28-a0-828-g0121872642 (webtiles) character file.

Game seed: 15480003903395296998

144 Zenkrye the Chopper (level 5, -8/43 HPs)
             Began as a Palentonga Fighter on Nov 10, 2021.
             Mangled by Ijyb (9 damage)
             ... on level 3 of the Dungeon.
             The game lasted 00:06:10 (2728 turns).

Zenkrye the Chopper (Palentonga Fighter)            Turns: 2728, Time: 00:06:11

Health: -8/43      AC: 10    Str: 21    XL:     5   Next: 5%
Magic:  5/5        EV:  5    Int:  8    God:
Gold:   83         SH:  4    Dex:  9    Spells: 4/4 levels left

rFire   . . .      SeeInvis +   a - +1 war axe
rCold   . . .      Faith    .   c - +0 buckler
rNeg    . . .      Spirit   .   n - +0 chain mail
rPois   .          Reflect  .   o - +0 helmet
rElec   .          Harm     .   (no cloak)
rCorr   .          Rampage  .   l - +0 pair of gloves
Will    .....                   (no barding)
Stlth   ..........              (no amulet)
HPRegen 0.14/turn               (no ring)
MPRegen 0.09/turn               (no ring)

@: mighty, lethally poisoned (-8 -> -19)
A: large, rugged brown scales 3, see invisible, deformed body, roll 1, armoured
tail
a: Rolling Charge


You were on level 3 of the Dungeon.
You visited 1 branch of the dungeon, and saw 3 of its levels.

You collected 83 gold pieces.

Inventory:

Hand Weapons
 a - a +1 war axe (weapon)
 k - a +0 hunting sling {@w2}
Missiles
 e - 46 stones (quivered)
 i - a throwing net {!f}
 j - 16 sling bullets
Armour
 b - a +0 scale mail
 c - a +0 buckler (worn)
 f - a +2 ring mail of cold resistance
 g - a +0 plate armour
 h - a +0 kite shield
 l - a +0 pair of gloves (worn)
 n - a +0 chain mail (worn)
 o - a +0 helmet (worn)
Wands
 m - a wand of flame (9)
Scrolls
 r - a scroll of identify {unknown}
 t - a scroll of fog {unknown}
 u - a scroll of magic mapping {unknown}
Potions
 p - a potion of magic {unknown}
 q - a potion of attraction {unknown}
 s - a potion of curing {unknown}


   Skills:
 - Level 3.0 Fighting
 + Level 5.3 Axes
 - Level 2.4 Armour
 - Level 2.4 Shields


You had 4 spell levels left.
You didn't know any spells.
Your spell library contained the following spells:

 Spells                   Type           Power      Damage    Failure   Level
 Magic Dart               Conj           0%         1d3       99%         1


Dungeon Overview and Level Annotations

Branches:
Dungeon (3/15)

Altars:

Shops:
D:1 ?   D:2 :

Annotations:
D:3 Ijyb


Innate Abilities, Weirdness & Mutations

You are completely covered in rugged brown scales. (AC +3, +7% HP)
You have supernaturally acute eyesight. (SInv)
Armour fits poorly on your strangely shaped body.
You can roll at nearby foes to attack.
You have a long armoured tail.


Message History

Press: ? - help, Dir - move target, f - Ijyb
Aim: Ijyb, wielding a +4 dagger of venom, wearing a +2 leather armour of cold resistance and carrying a wand of mindburst (1)
You roll forward with a clatter of scales!
You slash Ijyb!
Ijyb is moderately wounded.
You hear a shout!
Ijyb hits you but does no damage.
You are poisoned.
You closely miss Ijyb. You tail-slap Ijyb, but do no damage.
Ijyb is moderately wounded.
You feel very sick.
Ijyb zaps a wand.
You barely resist.
The now-empty wand crumbles to dust.
You closely miss Ijyb.
Ijyb is moderately wounded.
You feel sick.
Ijyb drinks a potion.
Ijyb goes berserk!
Ijyb hits you with a +4 dagger of venom!
You closely miss Ijyb.
Ijyb is moderately wounded.
You feel sick.
Ijyb hits you with a +4 dagger of venom.
You are more poisoned.
An orc comes into view. It is wielding a +0 flail.
Ijyb hits you with a +4 dagger of venom.
You hit Ijyb but do no damage.
Ijyb is moderately wounded.
You feel very sick.
Ijyb hits you with a +4 dagger of venom.
You barely miss Ijyb.
Your tail-slap misses Ijyb.
Ijyb is moderately wounded.
You feel very sick.
Ijyb hits you with a +4 dagger of venom!
* * * LOW HITPOINT WARNING * * *
Ijyb hits you with a +4 dagger of venom.
* * * LOW HITPOINT WARNING * * *
You are more poisoned.
You feel very mighty all of a sudden.
* * * LOW HITPOINT WARNING * * *
You feel very sick.
Ijyb hits you with a +4 dagger of venom!
You die...

......................###########
.................................
......................###########
........................ .......
.... .................#. #######
.................#.# .......
.................# # ######
.................# #..
.......o...@g..<.# #.#
.................# #.#
.................# # #
..........!.>...... #
.................#. #
##.#####.####...... # #. #.#
...... # #. ###### #


You could see Ijyb (berserk) and an orc.

Vanquished Creatures
  Jessica (D:2)
  Terence (D:2)
  Robin (D:2)
  2 adders (D:2)
  2 worms
  A dart slug (D:3)
  4 ball pythons
  4 bats
  5 endoplasms
  2 giant cockroaches (D:1)
  11 goblins (D:2)
  2 hobgoblins
  3 jackals (D:2)
  A quokka (D:1)
  A frilled lizard (D:2)
  6 kobolds
  6 rats
53 creatures vanquished.

Notes
Turn   | Place    | Note
-------+----------+-------------------------------------------
     0 | D:1      | Zenkrye the Palentonga Fighter began the quest for the Orb.
     0 | D:1      | Reached XP level 1. HP: 19/19 MP: 1/1
    47 | D:1      | Found Joiprak's Magic Scroll Shoppe.
   149 | D:1      | Reached XP level 2. HP: 25/25 MP: 2/2
   166 | D:1      | Found a faded altar of an unknown god.
   173 | D:1      | Got Plato's Volume of Confrontation
   263 | D:1      | Reached skill level 3 in Axes
   827 | D:2      | Noticed Terence
  1048 | D:2      | Reached XP level 3. HP: 23/31 MP: 3/3
  1295 | D:2      | Reached skill level 4 in Axes
  1500 | D:2      | Found Xibakek's Book Emporium.
  1516 | D:2      | Noticed Jessica
  1549 | D:2      | Killed Jessica
  1550 | D:2      | Reached XP level 4. HP: 11/37 MP: 4/4
  1802 | D:2      | Killed Terence
  2139 | D:2      | Reached skill level 5 in Axes
  2140 | D:2      | Noticed Robin
  2149 | D:2      | Killed Robin
  2566 | D:3      | Reached XP level 5. HP: 43/43 MP: 5/5
  2716 | D:3      | Noticed Ijyb
  2728 | D:3      | HP: 1/43 [poisoned by Ijyb]
  2728 | D:3      | Mangled by Ijyb

Illustrated notes

Levels and vault maps discovered:
D:1:      doesnt_arrival_eight_statues, layout_basic,
          shapermc_ecumenical_altar_rom_forum, serial_shops,
          nicolae_shop_temple_entry_statues_fountains
D:2:      layout_basic, serial_shops, nicolae_square_shop, uniq_jessica,
          uniq_terence, uniq_robin
D:3:      layout_basic, kennysheep_generic_room_12, uniq_ijyb

Skill      XL: |  1  2  3  4 |
---------------+-------------+-----
Axes           | 3 4 5 |  5.3
Fighting       | |  3.0
Armour         | |  2.4
Shields        | |  2.4

Action                   |  1- 3 |  4- 6 || total
-------------------------+-------+-------++-------
Melee: War axe           |    67 |    56 ||   123
       Tailslap          |     3 |     4 ||     7
 Fire: Hunting sling     |     2 |       ||     2
Throw: Stone             |    23 |    20 ||    43
 Abil: Rolling Charge    |     2 |     3 ||     5
  Use: Scroll            |     1 |       ||     1
       Potion            |       |     1 ||     1
Armor: Scale mail        |    43 |     1 ||    44
       Chain mail        |       |    25 ||    25
Dodge: Dodged            |    34 |    11 ||    45
Block: Buckler           |    15 |    10 ||    25

Table legend: (Time is in decaauts)
 A = Elapsed time spent in this place.
 B = Non-inter-level travel time spent in this place.
 C = Inter-level travel time spent in this place.
 D = Time resting spent in this place.
 E = Time spent auto-exploring this place.
 F = Levels seen in this place.
 G = Mean time per level.
                   A        B        C        D        E       F      G
               +--------+--------+--------+--------+--------+-----+--------+
         Total |   2772 |   2592 |    180 |    334 |   1769 |   3 |  924.0 |
       Dungeon |   2772 |   2592 |    180 |    334 |   1769 |   3 |  924.0 |
               +--------+--------+--------+--------+--------+-----+--------+

Top non-repeatable levels by time:
     D:2: 1432 daAuts
     D:1: 961 daAuts
     D:3: 378 daAuts
